Cogmind - Beta 16.1 @@@ ROGUE MODE // 2026.02.13 @ 07:49:51 Player: Carpathian Result: Self-destructed Performance ------------- Evolutions (2) 1000 Regions Visited (3) 600 Robots Destroyed (7) 35 Value Destroyed (305) 305 Prototype IDs (0) 0 Alien Tech Used (0) 0 Bonus (0) 0 TOTAL SCORE: 1940 Bonus ------- None Cogmind --------- Core Integrity 435/550 Matter 282/300 Energy 250/250 System Corruption 0% Temperature Cool (0) Movement Walking (120) Location -8/Materials Parts ------- > --- POWER (1) -------- Ion Engine > --- PROPULSION (2) --- Aluminum Leg Aluminum Leg > --- UTILITY (6) ------ Improved Heat Sink Small Storage Unit > --- WEAPON (2) ------- Subdweller Machine Gun Barrage Gun > --- INVENTORY (8) ---- Light Nuclear Core Heavy Laser Particle Cannon Subdweller Machine Gun Subdweller Shrapnel Launcher Peak State ------------ > --- POWER ------------ Ion Engine > --- PROPULSION ------- Aluminum Leg Aluminum Leg > --- UTILITY ---------- Improved Heat Sink Small Storage Unit > --- WEAPON ----------- Subdweller Machine Gun Barrage Gun > --- INVENTORY -------- Light Nuclear Core Heavy Laser Particle Cannon Subdweller Machine Gun Subdweller Shrapnel Launcher [Rating: 13] Favorites ----------- Power Ion Engine Engine Ion Engine Propulsion Light Treads Treads Light Treads Leg Aluminum Leg Utility Small Storage Unit Device Improved Heat Sink Storage Small Storage Unit Protection Backup Plating I Weapon Assault Rifle Energy Gun Small Laser Ballistic Gun Assault Rifle Special Weapon Flamer Build | -11 -10 -10 -8 ------- Run | Yrd Mat Sub Mat Slots Evolved 4 | . . . 4 Power . | . . . . Propulsion . | . . . . Utility 4 | . . . 4 Weapon . | . . . . Parts Attached 13 | 6 . 2 5 Power 2 | 1 . . 1 Engine 2 | 1 . . 1 Core . | . . . . Reactor . | . . . . Propulsion 4 | 2 . . 2 Treads 2 | 2 . . . Leg 2 | . . . 2 Wheel . | . . . . Hover . | . . . . Flight . | . . . . Utility 2 | 1 . . 1 Device 1 | . . . 1 Storage 1 | 1 . . . Processor . | . . . . Hackware . | . . . . Protection . | . . . . Artifact . | . . . . Weapon 5 | 2 . 2 1 Energy Gun 1 | 1 . . . Energy Cannon . | . . . . Ballistic Gun 3 | 1 . 1 1 Ballistic Cannon . | . . . . Launcher . | . . . . Special Weapon 1 | . . 1 . Impact Weapon . | . . . . Slashing Weapon . | . . . . Piercing Weapon . | . . . . Special Melee Weapon . | . . . . Unidentified Prototypes . | . . . . Parts Lost 2 | . . 1 1 Power . | . . . . Propulsion . | . . . . Utility 1 | . . . 1 Weapon 1 | . . 1 . Highest Loss Streak 1 | . . 1 1 To Critical Strikes . | . . . . Average Backups 4 | 1 3 5 5 Power . | . 1 1 . Propulsion 1 | 1 2 2 1 Utility . | . . . . Weapon 2 | . . 2 3 Tool/Special . | . . . . Unused Backups 6 | 1 . . 5 Power 1 | . . . 1 Propulsion . | . . . . Utility . | . . . . Weapon 5 | 1 . . 4 Tool/Special . | . . . . Average Slot Usage (%) 75 | . 85 84 57 Engine 12 | . 14 14 9 Treads 24 | . 28 28 16 Storage 12 | . 14 14 9 Energy Gun 8 | . 14 12 . Ballistic Gun 15 | . 14 14 18 Peak Build Rating 13 | 6 6 9 13 Average Rating 7 | 4 6 6 9 On Entrance 5 | . 6 6 9 Avg Prop Armor Cover (%) . | . . . . Naked Turns . | . . . . Heaviest Build 18 | 13 13 15 18 Greatest Support 40 | 40 40 40 40 Greatest Overweight (x) . | . . . . Average Overweight (x) . | . . . . Largest Inventory Capacity 8 | 8 8 8 8 Average Capacity 7 | 6 8 8 8 Most Carried 8 | 4 3 8 8 Average Carried 4 | 1 3 6 5 Final Capacity 8 | 8 8 8 8 Final Carried 7 | 3 3 7 5 Class Distribution -------------------- 100% | Mutant Dominant Class ---------------- Mutant | -10/Materials Mutant | -10/Subcaves Mutant | -8/Materials Resources | -11 -10 -10 -8 ----------- Run | Yrd Mat Sub Mat Matter Collected 438 | 240 . 93 105 Remotely . | . . . . Salvage Created 307 | . . 149 158 Parts 16 | . . 12 4 Haulers Intercepted . | . . . . Recyclers Shooed . | . . . . Parts Field Recycled . | . . . . Retrieved Matter . | . . . . Parts Self-Destructed 4 | . . 4 . Prevented . | . . . . Parts Restored . | . . . . Kills | -11 -10 -10 -8 ------- Run | Yrd Mat Sub Mat Combat Hostiles Destroyed 7 | . . 4 3 Guns 7 | . . 4 3 Classes Destroyed 2 | . . 2 . Grunt 5 | . . 2 3 Subdweller 2 | . . 2 . Best Kill Streak 3 | . . 2 3 Combat Bots Only 3 | . . 2 3 Max Kills in Single Turn 1 | . . 1 1 Gunslinging . | . . . . Exploded . | . . . . Melee . | . . . . Uniques/NPCs Destroyed . | . . . . Combat | -11 -10 -10 -8 -------- Run | Yrd Mat Sub Mat Hostile Shots Fired 64 | . . 37 27 Missed 16 | . . 11 5 Hits 48 | . . 26 22 Projectile 48 | . . 26 22 Critical Strikes 2 | . . 1 1 Damage Taken 754 | . . 401 353 Core 194 | . . 79 115 Absorbed by Shields . | . . . . Core Remaining (%) 84 | 100 . 68 . Volleys Fired 31 | . . 18 13 Largest 2 | . . 2 2 Hottest 120 | . . 120 58 Shots Fired 60 | . . 34 26 Gun 57 | . . 31 26 Cannon . | . . . . Launcher . | . . . . Special 3 | . . 3 . Kinetic 45 | . . 19 26 Thermal 15 | . . 15 . Explosive . | . . . . Electromagnetic . | . . . . Robot Hit Streak 12 | . . 12 5 Robot Miss Streak 3 | . . 1 3 Penetration Max . | . . . . Secondary Targets . | . . . . Shots Hit Robots 38 | . . 23 15 Core Hits 15 | . . 9 6 Critical Kills 1 | . . . 1 Critical Parts Destroyed . | . . . . Critical Strikes 3 | . . 2 1 Burn 1 | . . 1 . Destroy 2 | . . 1 1 Melee Attacks . | . . . . Impact . | . . . . Slashing . | . . . . Piercing . | . . . . Sneak Attacks . | . . . . Combat Hostiles . | . . . . Follow-up Attacks . | . . . . Damage Inflicted 605 | . . 287 318 Guns 571 | . . 253 318 Cannons . | . . . . Explosions . | . . . . Melee . | . . . . Ramming . | . . . . Kinetic 504 | . . 186 318 Thermal 101 | . . 101 . Explosive . | . . . . Electromagnetic . | . . . . Impact . | . . . . Slashing . | . . . . Piercing . | . . . . Highest Corruption . | . . . . Average Corruption . | . . . . Corruption Purged . | . . . . Corruption Blocked . | . . . . Overload Shots . | . . . . Overflow Damage . | . . . . Projectiles . | . . . . Explosions . | . . . . Melee . | . . . . Knockbacks . | . . . . Impact . | . . . . Kinetic . | . . . . Secondary . | . . . . Self-Inflicted Damage . | . . . . Shots . | . . . . Rammed . | . . . . Targets Rammed . | . . . . Kicked . | . . . . Crushed . | . . . . Highest Temperature 80 | . . 23 80 Average Temperature 27 | . . 15 28 Received Heat Transfer 384 | . . 168 216 Siege Activations . | . . . . Martial Activations . | . . . . Shielding Activations . | . . . . Robots Disrupted . | . . . . Combat Hostiles . | . . . . Robots Corrupted . | . . . . Combat Hostiles . | . . . . Parts Fried . | . . . . Impact Corruptions . | . . . . Robots Melted . | . . . . Combat Hostiles . | . . . . Parts Melted . | . . . . Heat Transferred 550 | . . 550 . Parts Sabotaged . | . . . . Parts Stolen . | . . . . Parts Stripped . | . . . . Power Chain Reactions . | . . . . Alert | -11 -10 -10 -8 ------- Run | Yrd Mat Sub Mat Maximum Alert Level . | . . . . Low Security (%) 100 | 100 100 . 100 Level 1 . | . . . . Level 2 . | . . . . Level 3 . | . . . . Level 4 . | . . . . Level 5 . | . . . . High Security . | . . . . Max Security . | . . . . Peak Influence 47 | . 4 . 47 Initial 17 | . . . 17 Average 6 | . . . 11 Influence Increases 141 | . 4 50 87 Destroy 0b10 Robot/C 100 | . . 40 60 Destroy Leader 20 | . . 10 10 Successful Hack 4 | . 4 . . Destroy Structure 2 | . . . 2 Partial Spotted 15 | . . . 15 Influence Decreases 114 | . 4 16 94 Entered New Map 17 | . . . 17 Time Decay 87 | . 4 16 67 Lost Part 10 | . . . 10 Squads Dispatched 2 | . 1 . 1 Investigation . | . . . . Extermination . | . . . . Reinforcement 2 | . 1 . 1 Assault . | . . . . Garrison . | . . . . Intercept . | . . . . Searches Triggered . | . . . . Construction Impeded . | . . . . Haulers Reinforced . | . . . . Active Scanning Responses . | . . . . Cargo Convoy Interrupts . | . . . . Stealth | -11 -10 -10 -8 --------- Run | Yrd Mat Sub Mat Distress Signals 1 | . . . 1 Communications Jammed . | . . . . Distress Signals . | . . . . Times Spotted 15 | . . 7 8 Peak Tracking Total 5 | . 1 3 5 Tactical Retreats . | . . . . Traps | -11 -10 -10 -8 ------- Run | Yrd Mat Sub Mat Traps Triggered . | . . . . Indirectly . | . . . . Trap Hack Attempts . | . . . . Triggered . | . . . . Disarmed . | . . . . Reprogrammed . | . . . . Reused . | . . . . Traps Extracted . | . . . . Installed . | . . . . Triggered . | . . . . Machines | -11 -10 -10 -8 ---------- Run | Yrd Mat Sub Mat Machines Disabled . | . . . . Max in Single Turn . | . . . . Machines Repaired . | . . . . Machines Dismantled . | . . . . Machines Sabotaged . | . . . . Overloaded Fab Kills . | . . . . Hacking | -11 -10 -10 -8 --------- Run | Yrd Mat Sub Mat Machines Accessed 3 | . 1 . 2 Terminals 2 | . 1 . 1 Fabricators . | . . . . Repair Stations 1 | . . . 1 Recycling Units . | . . . . Scanalyzers . | . . . . Garrison Access . | . . . . Total Hacks 5 | . 2 . 3 Successful 3 | . 1 . 2 Failed 2 | . 1 . 1 Catastrophic . | . . . . Database Lockouts . | . . . . Manual . | . . . . Terminals 3 | . 2 . 1 Fabricators . | . . . . Repair Stations 2 | . . . 2 Recycling Units . | . . . . Scanalyzers . | . . . . Garrison Access . | . . . . Terminal Hacks 2 | . 1 . 1 Alert Level 1 | . . . 1 Locate Traps 1 | . 1 . . Fabricator Hacks . | . . . . Repair Station Hacks 1 | . . . 1 Refit 1 | . . . 1 Recycling Unit Hacks . | . . . . Scanalyzer . | . . . . Garrison Access Hacks . | . . . . Unauthorized Hacks . | . . . . Terminals . | . . . . Fabricators . | . . . . Repair Stations . | . . . . Recycling Units . | . . . . Scanalyzers . | . . . . Garrison Access . | . . . . Data Cores Recovered . | . . . . Used . | . . . . Hacking Detections 2 | . 1 . 1 Full Trace Events . | . . . . Feedback Events . | . . . . Feedback Blocked . | . . . . Robot Schematics Acquired . | . . . . Robots Built . | . . . . Authchips . | . . . . Time . | . . . . Total Robot Build Rating . | . . . . Part Schematics Acquired . | . . . . Parts Built . | . . . . Authchips . | . . . . Time . | . . . . Total Part Build Rating . | . . . . Part Studies Acquired . | . . . . Parts Repaired . | . . . . Time . | . . . . Parts Recycled . | . . . . Recycled Matter . | . . . . Retrieved Matter . | . . . . Retrieved Components . | . . . . Parts Scanalyzed . | . . . . Part Schematics Acquired . | . . . . Parts Damaged . | . . . . Bothacking | -11 -10 -10 -8 ------------ Run | Yrd Mat Sub Mat Used RIF Installer . | . . . . Robots Hacked . | . . . . Non-combat . | . . . . Combat . | . . . . Robot Hacks Applied . | . . . . Relay Couplers Released . | . . . . Fabnet Peak Effective % . | . . . . Robots Rewired . | . . . . Allies Hacked . | . . . . Hacks Repelled . | . . . . Allies | -11 -10 -10 -8 -------- Run | Yrd Mat Sub Mat Total Allies . | . . . . Largest Group . | . . . . Highest-Rated Group . | . . . . Highest-Rated Ally . | . . . . Total Orders . | . . . . Ally Attacks . | . . . . Total Damage . | . . . . Kills . | . . . . Allies Corrupted . | . . . . Allies Melted . | . . . . Intel | -11 -10 -10 -8 ------- Run | Yrd Mat Sub Mat Active Infowar (turns) . | . . . . Robot Analysis Total . | . . . . Derelict Logs Recovered . | . . . . Drone Launches . | . . . . Drone Recoveries . | . . . . Exploration | -11 -10 -10 -8 ------------- Run | Yrd Mat Sub Mat Turns Passed 958 | 121 122 444 271 Spaces Moved 532 | 83 77 232 140 Core 25 | 25 . . . Treads 487 | 58 77 232 120 Legs 20 | . . . 20 Wheels . | . . . . Hover . | . . . . Flight . | . . . . Fastest Speed 50 | 50 160 160 120 Average Speed 153 | 126 160 160 154 Slowest Speed 160 | 160 160 160 160 Overloaded Moves . | . . . . Propulsion Burnouts . | . . . . Robots Hopped . | . . . . Potential Cave-ins . | . . . . Cave-ins Triggered . | . . . . Exploration Rate (%) 11 | 4 11 18 14 Regions Visited 3 Branch Regions 1 Pre-discovered Areas . | . . . . Known Exits Taken . | . . . . Unknown Exits Taken 3 | 1 1 1 . Scrap Searched 3 | . . 3 . Spaces Dug . | . . . . Terrain Destroyed 1 | . . . 1 Melee . | . . . . Projectile 1 | . . . 1 AOE . | . . . . Terrain Rammed . | . . . . Walls Destroyed . | . . . . Machines Disabled . | . . . . Actions | -11 -10 -10 -8 --------- Run | Yrd Mat Sub Mat Total 613 | 99 76 268 170 Wait 15 | . . 12 3 Move 529 | 82 76 231 140 Hop . | . . . . Pick Up 19 | 10 . 5 4 Fast Attach . | . . . . Attach 8 | 6 . 1 1 Detach . | . . . . Swap 5 | . . 1 4 Drop 6 | 1 . . 5 Fire 31 | . . 18 13 Melee . | . . . . Ram . | . . . . Kick . | . . . . Crush . | . . . . Escape Stasis . | . . . . Rewire . | . . . . Trap . | . . . . Miscellaneous . | . . . . Route ------- -11/Scrapyard -10/Materials -10/Subcaves -8/Materials History --------- Turn | Location | Event 10 | -11/Scrapyard | Discovered new exit (range 15) 122 | -11/Scrapyard | Entered Materials 231 | -10/Materials | Discovered new exit (range 8) 244 | -10/Materials | Entered Subcaves 245 | -10/Subcaves | Approached by a straggling Scientist 313 | -10/Subcaves | Build established: Mutant 474 | -10/Subcaves | Shifting Twisted Machinery released Sub. Shrapnel Launcher 482 | -10/Subcaves | Shifting Twisted Machinery released Sub. Monowheel 486 | -10/Subcaves | Shifting Twisted Machinery released Barrage Gun 676 | -10/Subcaves | Discovered new exit (range 8) 688 | -10/Subcaves | Entered Materials 688 | -8/Materials | Evolved 4 slots: Utility x4 959 | -8/Materials | Self-destructed Last Messages --------------- 00883_ G-50 Soldier destroyed. 00887_ U-05 Engineer builds a Wall. 00895_ U-05 Engineer builds a Door. 00898_ Critical hit (Burn: +37). 00901_ Backup Plating I destroyed. 00902_ G-47 Trooper destroyed. 00913_ Acquired Hvy. Laser. 00914_ G-47 Trooper suffers critical hit (Destroy). 00914_ G-47 Trooper destroyed. 00918_ Acquired 52 matter. 00921_ Acquired Lgt. Nuclear Core. 00924_ Acquired Imp. Heat Sink. 00925_ Acquired 41 matter. 00928_ Acquired 10 matter. 00929_ Acquired 2 matter. 00930_ Dropped Lgt. Treads. 00950_ T-07 Excavator is excavating. 00959_ Connecting with Terminal... >>Alert(Check) Current Alert Level: Low Security Map ----- +----------------------------------------------------+ | | | | | | | | | | | | | | | | | | | | | | | | | | | | | ????????????????????????????????????????????????? | | ????????????????????????????????????????????????? | | ????????????????????????????????????????????????? | | ????????????????????????????????????????????????? | | ????????????????????????????????????????????????? | | ????????????????????????????????????????????????? | | ????????????????????????????????????????????????? | | ???##########?#???###???????????????????????????? | | ???# """ # ???! ############???????????????? | | ???#! "R" # ??? =## #???????????????? | | ???# " " # ? ## "T" #???????????????? | | ???# # ## @ #???????????????? | | ???# # !! ## ! #???????????????? | | ???# """ # !! ###+#####+## #???????????? | | ???# """ # !! ## #????????????? | | ???# """ # / #????????????? | | ???# # ! ## #####+#####????????????? | | ########+########+##??# #??????????????????????? | | % #### #??????????????????????? | | == #??????????????????????? | | [ #??????????????????????? | | ########+####### ####+######??????????????????? | | #??# """ """ #?# # #??????????????????? | | #??# """ """ #?# # #??????????????????? | | #??# """ """ #?# # #??????????????????? | | #??# #?# # #??????????????????? | | #??# #?# # #??????????????????? | | #??# #?# # #??????????????????? | | #??# #?# # #??????????????????? | | #??# #?# # #??????????????????? | | #??###########?# ###########??????????????????? | | #??????????????+ #????????????????????????????? | | ???????????????# #????????????????????????????? | | ???????????????# #????????????????????????????? | | ???????????????? #????????????????????????????? | | ????????????????# ##????????????????????????????? | +----------------------------------------------------+ Best States ------------- Heat Dissipation 45 Energy Generation 10 Energy Capacity 250 Matter Stores 300 Matter Capacity 300 Sight Range 16 Terrain Scan Density 10 Armor Coverage 80 Evasion (%) 55 Recoil Reduction 2 Item Schematics ----------------- None Robot Schematics ------------------ None Fabricated ------------ Nothing Repaired ---------- Nothing Studied --------- None Alien Tech Used ----------------- None Achievements -------------- Fitting Room Challenges ------------ None Game ------ Seed ElectronChromionMatrix Manual? 0 Play Time 00:07:45 Cumulative 40.1 hours Start 2026.02.13 @ 07:43:56 End 2026.02.13 @ 07:49:51 Sessions 1 Manual Loads 0 Difficulty Rogue Special Mode None Game No. 207 Rogue 207 Adventurer 0 Explorer 0 Win Type - Total 0 Types 0/0/0/0/0/0/0/0/0/0 Lore% 12 Gallery% 25 Achievement% 13 Wizard Run 0 Options --------- Layout 0 ASCII 0 Keyboard 0 Movement Arrows Keybinds 0 Fullscreen 2 Font 24/Cog Map View 76x50 Zoom Use 0% Tactical HUD 1 Map Filters NONE Filters NONE Steam 1 RUN: ef25af8a-4fa4-4e11-ab74-8e0878dcd5b9